 Dungeon Crawl Stone Soup version 0.28.0 (webtiles) character file.

Game seed: 15890158793149398733

52 AlmostDecent the Skirmisher (level 3, 24/24 HPs)
             Began as a Gargoyle Fighter on Feb 10, 2022.
             Was a Follower of Zin.
             Quit the game on level 1 of the Dungeon.
             The game lasted 00:02:41 (1174 turns).

AlmostDecent the Skirmisher (Gargoyle Fighter)      Turns: 1174, Time: 00:02:42

Health: 24/24      AC: 11    Str: 19    XL:     3   Next: 85%
Magic:  3/3        EV:  9    Int:  8    God:    Zin [*.....]
Gold:   60         SH:  4    Dex: 11    Spells: 2/2 levels left

rFire   . . .      SeeInvis .   a - +0 war axe
rCold   . . .      Faith    .   c - +0 buckler
rNeg    + . .      Spirit   .   b - +0 scale mail
rPois   ∞          Reflect  .   i - +0 helmet
rElec   +          Harm     .   (no cloak)
rCorr   .          Rampage  .   (no gloves)
Will    .....                   (no boots)
Stlth   ..........              (no amulet)
HPRegen 0.08/turn               (no ring)
MPRegen 0.08/turn               (no ring)

@: no status effects
A: sickness immunity, AC +3, negative energy resistance 1, electricity
resistance, torment resistance 1, petrification resistance
a: Renounce Religion, Recite, Donate Gold


You were on level 1 of the Dungeon.
You worshipped Zin.
Zin was aware of your devotion.
You visited 1 branch of the dungeon, and saw 2 of its levels.

You collected 66 gold pieces.
You donated 6 gold pieces to Zin.

Inventory:

Hand Weapons
 a - a +0 war axe (weapon)
Armour
 b - a +0 scale mail (worn)
 c - a +0 buckler (worn)
 i - a +0 helmet (worn)
Jewellery
 j - a ring of fire
 k - a ring of magical power
Scrolls
 e - a scroll of teleportation {unknown}
 f - a scroll of identify {unknown}
Potions
 d - a potion of might
 g - a potion of flight {unknown}
 h - a potion of invisibility {unknown}


   Skills:
 + Level 3.8 Fighting
 * Level 2.7 Axes
 - Level 3.5 Armour
 + Level 0.5 Stealth
 - Level 3.5 Shields


You had 2 spell levels left.
You didn't know any spells.
Your spell library was empty.

Dungeon Overview and Level Annotations

Branches:
Dungeon (2/15)

Altars:
Zin


Innate Abilities, Weirdness & Mutations

You are immune to sickness and miasma.
Your stone body is resilient. (AC +3)
You are immune to poison.
You resist negative energy. (rN+)
You are resistant to electric shocks. (rElec)
You are resistant to unholy torment.
You are immune to petrification.


Message History

Things that are here:
a +0 club; a goblin corpse You open the door.
There is an open door here.
j - a ring of fire You are caught in the web!
k - a ring of magical power
There is a web here.
You disentangle yourself.
Found a robe.
No target in view!
No target in view!
No target in view!
You see here a +0 robe.
Found a faded altar of an unknown god.
No target in view!
A bat comes into view.
You block the bat's attack. The bat hits you but does no damage.
The bat barely misses you. The bat closely misses you.
The bat hits you but does no damage. The bat closely misses you.
The bat hits you but does no damage.
You barely miss the bat. You block the bat's attack.
The bat hits you but does no damage.
You barely miss the bat. The bat hits you but does no damage.
The bat closely misses you. The bat barely misses you.
You block the bat's attack.
You hit the bat.
You kill the bat!
No target in view!
No target in view!
No target in view!
There is a faded altar of an unknown god here.
You cannot tell which god this altar belongs to.
Convert to them anyway?
Zin accepts your prayer! Zin welcomes you!
You pay a tithe of 6 gold.
You can now donate money to Zin.
You can now recite Zin's Axioms of Law.
Unknown command.
Press < or > to pray at altars.
Are you sure you want to abandon this character and quit the game? (Confirm with "yes".)

..#.. ### ..#.# ..# ....# ### #.#
#####....### #.+ ### #.#
#..........# ##.##### # ##.###.#
#...8......###.......
####...##.###..8.8.....##........
+.............8.@.8.....'........
####...##.#....8$8...####........
# ##..##.#.#...8....# ##.......
###.##.#.#.......## ##.....#
#......#.##.....## ##...##
#.#.####.####.#.# ##+## #.#.# #.#
#.### ########### #.#.# #.# #..
.......... #.#.. ####......##


There were no monsters in sight!

Vanquished Creatures
  An adder (D:2)
  2 dart slugs (D:1)
  3 ball pythons
  4 bats (D:1)
  5 endoplasms (D:1)
  2 giant cockroaches (D:1)
  4 goblins
  3 hobgoblins
  8 kobolds
  2 rats (D:1)
34 creatures vanquished.

Vanquished Creatures (others)
  18 plants (D:2)
18 creatures vanquished.

Grand Total: 52 creatures vanquished

Notes
Turn   | Place    | Note
-------+----------+-------------------------------------------
     0 | D:1      | AlmostDecent the Gargoyle Fighter began the quest for the
                  | Orb.
     0 | D:1      | Reached XP level 1. HP: 14/14 MP: 1/1
    98 | D:1      | You fall into a shaft and drop 1 floor!
   107 | D:2      | Reached XP level 2. HP: 19/19 MP: 2/2
   376 | D:1      | Reached XP level 3. HP: 24/24 MP: 3/3
  1161 | D:1      | Found a faded altar of an unknown god.
  1173 | D:1      | Prayed at the altar of an unknown god.
  1173 | D:1      | Became a worshipper of Zin the Law-Giver
  1173 | D:1      | Reached * piety under Zin
  1174 | D:1      | Quit the game

Illustrated notes

Levels and vault maps discovered:
D:1:      dpeg_arrival_line_fractal, layout_loops_corners,
          chequers_ecumenical_altar_simple_redux, corner_web_ring,
          minmay_misc_feat_encased, palyth_stone_intersect,
          minmay_crystal_water, minmay_hexomino_f4
D:2:      cheibrodos_greedy_goblins, layout_loops_ring, kennysheep_boxes

Skill      XL: |  1  2 |
---------------+-------+-----
Axes           | 2 |  2.7
Fighting       | |  3.8
Armour         | |  3.5
Stealth        | |  0.5
Shields        | |  3.5

Action                   || total
-------------------------++-------
Melee: War axe           ||    96
Armor: Scale mail        ||    56
Dodge: Dodged            ||    54
Block: Buckler           ||    24
